 Dungeon Crawl Stone Soup version 0.18-a0-888-gdb73dea (webtiles) character file.

107 cluie the Chiller (level 4, -2/32 HPs)
             Began as a Demonspawn Ice Elementalist on Dec 23, 2015.
             Slain by Crazy Yiuf
             ... wielding a +3 quarterstaff of chaos
              (11 damage)
             ... on level 3 of the Dungeon.
             The game lasted 00:04:12 (2112 turns).

cluie the Chiller (Demonspawn Ice Elementalist)     Turns: 2112, Time: 00:04:12

Health: -2/32      AC:  6    Str:  8    XL:     4   Next: 56%
Magic:  1/8        EV: 16    Int: 17    God:
Gold:   127        SH:  0    Dex: 14    Spells: 3 memorised, 0 levels left

rFire  . . .     SeeInvis .     p - +0 long sword
rCold  . . .     Gourm    +     a - +0 robe
rNeg   . . .     Faith    .     (no shield)
rPois  .         Spirit   .     x - +2 helmet
rElec  .         Dismiss  .     (no cloak)
rCorr  .         Reflect  .     v - +0 pair of gloves (curse)
SustAt .         Harm     .     (no boots)
MR     .....                    e - amulet of the gourmand
Stlth  ++........               (no ring)
                                n - +3 ring of evasion

@: not resistant to hostile enchantments, unstealthy
A: talons 1
a: no special abilities


You were on level 3 of the Dungeon.
You were not hungry.

You visited 1 branch of the dungeon, and saw 3 of its levels.

You collected 127 gold pieces.

Inventory:

Hand Weapons
 p - a +0 long sword (weapon)
Armour
 a - a +0 robe (worn)
 v - a cursed +0 pair of gloves (worn)
 x - a +2 helmet (worn)
Jewellery
 e - an amulet of the gourmand (around neck)
 i - an uncursed ring of fire
 n - a +3 ring of evasion (left hand)
Wands
 B - a wand of lightning (0/15)
Scrolls
 d - 4 scrolls of enchant weapon {unknown}
 g - a scroll of magic mapping {unknown}
 h - a scroll of teleportation {unknown}
 j - 3 scrolls of fog {unknown}
 k - 4 scrolls of recharging {unknown}
 o - 2 scrolls of remove curse {unknown}
 s - 2 scrolls of immolation {unknown}
 u - a scroll of enchant armour {unknown}
 w - a scroll of blinking {unknown}
 y - a scroll of identify
 z - a scroll of random uselessness {unknown}
Potions
 f - 3 potions of curing
 m - a potion of mutation
 q - 2 potions of resistance
 t - 2 potions of heal wounds
 A - a potion of agility {unknown}
Books
 b - a book of Frost

   Spells                             Type                      Level
   a - Freeze                         Ice                          1
   b - Throw Frost                    Conjuration/Ice              2
   c - Ozocubu's Armour               Charms/Ice                   3
   d - Throw Icicle                   Conjuration/Ice              4
   e - Summon Ice Beast               Ice/Summoning                4
   f - Condensation Shield            Ice                          4
Comestibles
 c - a bread ration
 l - a beef jerky
 r - 2 meat rations


   Skills:
 + Level 1.6 Fighting
 + Level 2.4 Dodging
 - Level 1.7 Stealth
 + Level 2.7 Spellcasting
   Level 1.0 Conjurations
 + Level 0.4 Summonings
 + Level 3.6 Ice Magic


You couldn't memorise any spells.
You knew the following spells:

 Your Spells              Type           Power        Failure   Level  Hunger
a - Freeze                Ice            ##..         4%          1    #......
b - Ozocubu's Armour      Chrm/Ice       #.......     30%         3    ###....
c - Summon Ice Beast      Ice/Summ       #.......     82%         4    #####..


Dungeon Overview and Level Annotations

Branches:
Dungeon (3/15)

Altars:
Okawaru
Qazlal

Annotations:
D:3 Crazy Yiuf


Innate Abilities, Weirdness & Mutations

You have sharp toenails.


Message History

a club x2 a war axe of freezing; an orc corpse
Casting: Freeze
Confirm with . or Enter, or press ? or * to list all spells.
Aiming: Freeze
Press: ? - help, Shift-Dir - straight line, f/p - Crazy Yiuf
Aim: Crazy Yiuf, wielding a quarterstaff of chaos and wearing a cloak (moderately wounded)
You freeze Crazy Yiuf.
Crazy Yiuf is heavily wounded.
Crazy Yiuf screams, "Candle!
Rifle pizzabubble green."
Crazy Yiuf barely misses you.
Casting: Freeze
Confirm with . or Enter, or press ? or * to list all spells.
Aiming: Freeze
Press: ? - help, Shift-Dir - straight line, f/p - Crazy Yiuf
Aim: Crazy Yiuf, wielding a quarterstaff of chaos and wearing a cloak (heavily wounded)
You freeze Crazy Yiuf.
Crazy Yiuf is almost dead.
Crazy Yiuf hits you with a quarterstaff of chaos!
You die...

...# ...#
(..###################
....................>#
.###################.#
.# #.......# #.# .#
#†# #(# .# #)# #.# .#
#@# #.# .# #g# #.# .#
##.###.###.# .#
.......=$...# .#
.....(..##### .#
........# .# ........#
.# ........# .#
###....##


You could see Crazy Yiuf.

Vanquished Creatures
  An orc priest (D:3)
  2 adders
  An ooze (D:2)
  A worm (D:2)
  2 giant geckos (D:1)
  3 orcs (D:3)
  4 giant cockroaches
  5 hobgoblins
  3 quokkas
  4 bats
  2 giant newts
  5 goblins
  9 kobolds
  5 rats
47 creatures vanquished.

Notes
Turn   | Place    | Note
--------------------------------------------------------------
     0 | D:1      | cluie the Demonspawn Ice Elementalist began the quest for the Orb.
     0 | D:1      | Reached XP level 1. HP: 13/13 MP: 3/3
   403 | D:1      | Gained mutation: You have sharp toenails. [demonic ancestry]
   403 | D:1      | Reached XP level 2. HP: 13/19 MP: 5/5
   581 | D:2      | Reached skill level 3 in Ice Magic
   895 | D:2      | Reached XP level 3. HP: 13/25 MP: 6/6
  1242 | D:2      | Found an iron altar of Okawaru.
  1431 | D:2      | Reached skill level 1 in Fighting
  1635 | D:3      | Found a stormy altar of Qazlal.
  1833 | D:3      | Reached XP level 4. HP: 25/32 MP: 3/7
  1959 | D:3      | Learned a level 3 spell: Ozocubu's Armour
  1964 | D:3      | Learned a level 4 spell: Summon Ice Beast
  2106 | D:3      | Noticed Crazy Yiuf
  2112 | D:3      | Slain by Crazy Yiuf

Vault maps used:
D:1:      sevenhm_arrival_forest_fort_small_6
D:2:      lemuel_round_altar, minivault_27
D:3:      nicolae_overflow_crystal_walls, uniq_crazy_yiuf_cottage

Action                   |  1- 3 |  4- 6 || total
-------------------------+-------+-------++-------
Melee: Spear             |    21 |       ||    21
       Whip              |     4 |       ||     4
       Long sword        |    78 |     9 ||    87
 Cast: Freeze            |    28 |    10 ||    38
Evoke: Wand              |       |     3 ||     3
  Use: Scroll            |     5 |       ||     5
 Stab: Sleeping          |     8 |       ||     8
  Eat: Chunk             |     4 |     3 ||     7
